 Dungeon Crawl Stone Soup version 0.23.1 (webtiles) character file.

Game seed: 8745426356799945367

60 Borgoz the Sneak (level 4, -3/35 HPs)
             Began as a Ghoul Enchanter on Mar 3, 2019.
             Killed from afar by Sigmund (9 damage)
             ... with a magic dart
             ... on level 2 of the Dungeon.
             The game lasted 00:02:32 (1202 turns).

Borgoz the Sneak (Ghoul Enchanter)                  Turns: 1202, Time: 00:02:34

Health: -3/35      AC:  3    Str: 11      XL:     4   Next: 4%
Magic:  0/5        EV: 12    Int:  9 (10) God:
Gold:   44         SH:  0    Dex:  9 (10) Spells: 5/6 levels left

rFire    . . .     SeeInvis .   a - +1 dagger
rCold    + + .     Gourm    .   (no shield)
rNeg     + + +     Faith    .   b - +0 robe
rPois    ∞         Spirit   +   f - +0 helmet
rElec    .         Reflect  .   (no cloak)
rCorr    .         Harm     .   (no gloves)
MR       .....                  (no boots)
Stlth    ++........             c - amulet of guardian spirit
HPRegen  0.00/turn              e - ring of protection from cold (curse)
MPRegen  0.09/turn              (no ring)

@: rotting, hasted, very quick
A: rotting body, claws 1, carnivore, cold resistance 1, negative energy
resistance 3, inhibited regeneration, torment resistance, unbreathing
a: no special abilities


You were on level 2 of the Dungeon.
You were not hungry.

You visited 1 branch of the dungeon, and saw 2 of its levels.

You collected 44 gold pieces.

Inventory:

Hand Weapons
 a - a +1 dagger (weapon)
Armour
 b - a +0 robe (worn)
 f - a +0 helmet (worn)
Jewellery
 c - an amulet of guardian spirit (around neck)
 e - a cursed ring of protection from cold (left claw)
Wands
 j - a wand of flame (20)
Scrolls
 g - 3 scrolls of identify {unknown}
 i - a scroll of teleportation {unknown}
Comestibles
 d - 4 rations


   Skills:
 + Level 1.3 Fighting
 * Level 2.0 Short Blades
 + Level 1.0 Armour
 * Level 2.5 Dodging
 - Level 3.2 Stealth
 - Level 1.7 Spellcasting
 - Level 2.4 Hexes


You had 5 spell levels left.
You knew the following spells:

 Your Spells              Type           Power        Failure   Level  Hunger
a - Corona                Hex            #......      13%         1    ##.....

Your spell library contained the following spells:

 Spells                   Type           Power        Failure   Level  Hunger
 Ensorcelled Hibernation  Hex/Ice        #.....       32%         2    ###....
 Confuse                  Hex            #.......     36%         3    ####...
 Tukima's Dance           Hex            #.......     36%         3    ####...
 Dazzling Spray           Conj/Hex       #.....       54%         3    ####...


Dungeon Overview and Level Annotations

Branches:
Dungeon (2/15)

Altars:

Annotations:
D:2 Sigmund


Innate Abilities, Weirdness & Mutations

Your body is rotting away.
You thrive on raw meat.
You are immune to poison.
You have sharp fingernails.
You are carnivorous and can eat meat at any time.
Your flesh is cold resistant. (rC+)
You are immune to negative energy. (rN+++)
You do not regenerate when monsters are visible.
You are immune to unholy pain and torment.
You can survive without breathing.


Message History

Sigmund is severely wounded.
Sigmund hits you with a +0 scythe!
* * * LOW HITPOINT WARNING * * *
Eat a chunk of flesh? (ye/n/q)
You eat the chunk of flesh.
This raw flesh tastes great!
Okay, then.
You hit Sigmund.
Sigmund is almost dead.
You hit Sigmund but do no damage.
Sigmund is almost dead.
You feel less confused. Sigmund hits you with a +0 scythe!
* * * LOW HITPOINT WARNING * * *
You hit Sigmund.
Sigmund is almost dead.
You closely miss Sigmund.
Sigmund is almost dead.
Sigmund gestures at you while chanting. The magic dart hits you!
You die...

.........'...##..
...
.........###.##..
#..#####.....#
#..#.. #..#
#.....# #.....
#..# #.....#
#..... #..#
#.....# #.....
#..# #######
#.....
####..#########
##....
#......@@......
......
#.....#.#######
####... #......##
##.. ####..## #..
#.## ##..
..##############
#...
.#..............#
##..
.###############.#
#.. #.# #..


You could see Sigmund.

Vanquished Creatures
  Jessica (D:2)
  An adder (D:2)
  2 dart slugs
  3 bats
  A giant cockroach (D:1)
  3 goblins
  2 hobgoblins (D:2)
  A kobold (D:1)
  A quokka (D:2)
  3 frilled lizards
  2 rats (D:1)
20 creatures vanquished.

Notes
Turn   | Place    | Note
-------+----------+-------------------------------------------
     0 | D:1      | Borgoz the Ghoul Enchanter began the quest for the Orb.
     0 | D:1      | Reached XP level 1. HP: 14/14 MP: 2/2
    59 | D:1      | Reached skill level 1 in Short Blades
   279 | D:1      | Reached XP level 2. HP: 22/22 MP: 3/3
   667 | D:2      | Noticed Jessica
   677 | D:2      | Killed Jessica
   677 | D:2      | Reached skill level 1 in Fighting
   677 | D:2      | Reached XP level 3. HP: 28/28 MP: 4/4
  1043 | D:2      | Reached skill level 1 in Armour
  1043 | D:2      | Reached XP level 4. HP: 35/35 MP: 5/5
  1165 | D:2      | Noticed Sigmund
  1202 | D:2      | Killed from afar by Sigmund

Skill      XL: |  1  2  3 |
---------------+----------+-----
Short Blades   | 1 2 |  2.0
Dodging        | 2 |  2.5
Fighting       | 1 |  1.3
Armour         | 1 |  1.0
Stealth        | |  3.2
Spellcasting   | |  1.7
Hexes          | |  2.4

Action                   |  1- 3 |  4- 6 || total
-------------------------+-------+-------++-------
Melee: Dagger            |   101 |    28 ||   129
 Cast: Corona            |       |     1 ||     1
  Use: Potion            |     2 |     1 ||     3
 Stab: Sleeping          |     4 |       ||     4
  Eat: Chunk             |     2 |     2 ||     4
Armor: Robe              |    37 |       ||    37
Dodge: Dodged            |    63 |     7 ||    70
